 Dungeon Crawl Stone Soup version 0.31.0-11-ge490571c62 (webtiles) character file.

Game seed: 14966946246227833522

1726 happy the Chopper (level 9, -4/73 HPs)
             Began as a Gnoll Cinder Acolyte on Feb 2, 2024.
             Was a Priest of Ignis.
             Slain by a two-headed ogre
             ... wielding a +0 giant spiked club
              (25 damage)
             ... on level 6 of the Dungeon.
             The game lasted 00:18:05 (5281 turns).

happy the Chopper (Gnoll Cinder Acolyte)            Turns: 5281, Time: 00:18:06

Health: -4/73      AC:  5    Str: 15    XL:     9   Next: 4%
Magic:  25/25      EV: 12    Int: 13    God:    Ignis [***...]
Gold:   286        SH:  0    Dex: 11    Spells: 15/17 levels left

rFire   + . .        a - +2 whip (elec)
rCold   . . .        (no shield)
rNeg    . . .        j - +0 leather armour
rPois   +            (no helmet)
rElec   .            (no cloak)
rCorr   .            y - +1 pair of gloves
SInv    .            (no boots)
Will    .....        (no amulet)
Stlth   +            C - ring of magical power
HPRegen 0.32/turn    r - ring of poison resistance
MPRegen 0.19/turn

%: no passive effects
@: silenced, weak-willed
A: fangs 1, strong nose, distributed training
a: Renounce Religion


You were on level 6 of the Dungeon.
You worshipped Ignis.
Ignis was most pleased with you.
You visited 2 branches of the dungeon, and saw 7 of its levels.

You collected 286 gold pieces.

Inventory:

Hand Weapons
 a - a +2 whip of electrocution (weapon)
   (You found it on level 3 of the Dungeon)
 b - a +0 sling of electrocution
   (You took it off a goblin on level 4 of the Dungeon)
 s - a -1 hand axe of flaming
 u - a +0 trident of venom
   (You took it off an orc on level 4 of the Dungeon)
 w - a +1 antimagic whip
   (You took it off a kobold on level 1 of the Dungeon)
Armour
 j - a +0 leather armour (worn)
   (You found it on level 2 of the Dungeon)
 v - a +0 robe
 y - a +1 pair of gloves (worn)
   (You found it on level 4 of the Dungeon)
Jewellery
 h - a ring of fire
   (You took it off a hobgoblin on level 2 of the Dungeon)
 m - a ring of magical power
   (You took it off an orc on level 3 of the Dungeon)
 r - a ring of poison resistance (right hand)
   (You found it on level 3 of the Dungeon)
 C - a ring of magical power (left hand)
   (You found it on level 1 of the Dungeon)
Wands
 c - a wand of mindburst (3)
   (You found it on level 5 of the Dungeon)
 t - a wand of flame (19)
   (You found it on level 3 of the Dungeon)
Scrolls
 e - 2 scrolls of fog
 g - 2 scrolls of poison
 p - a scroll of enchant armour
 q - a scroll of identify {@r1}
 x - a scroll of brand weapon
 B - 2 scrolls of teleportation {@r4}
Potions
 d - 2 potions of cancellation
 f - 2 potions of curing {@q1}
 i - a potion of lignification {!q}
 k - a potion of magic {unknown}
 n - a potion of invisibility {unknown}
 o - a potion of might {unknown}
 z - 2 potions of attraction {!q}
 D - a potion of mutation {unknown}
 E - a potion of brilliance {unknown}


   Skills:
 + Level 7.7 Fighting
 + Level 4.0 Short Blades
 + Level 4.0 Long Blades
 + Level 7.7 Axes
 + Level 4.0 Maces & Flails
 + Level 4.0 Polearms
 + Level 4.0 Staves
 + Level 4.0 Ranged Weapons
 + Level 4.0 Throwing
 + Level 4.0 Armour
 + Level 4.0 Dodging
 + Level 4.0 Stealth
 + Level 4.0 Shields
 + Level 4.0 Unarmed Combat
 + Level 4.9 Spellcasting
 + Level 3.2 Conjurations
 + Level 3.2 Hexes
 + Level 3.2 Summonings
 + Level 3.2 Necromancy
 + Level 3.2 Translocations
 + Level 6.4 Fire Magic
 + Level 3.2 Ice Magic
 + Level 3.2 Air Magic
 + Level 3.2 Earth Magic
 + Level 3.2 Alchemy
 + Level 4.4 Invocations
 + Level 4.0 Evocations
 + Level 3.6 Shapeshifting


You had 15 spell levels left.
You knew the following spells:

 Your Spells              Type           Power      Damage    Failure   Level
a - Scorch                Fire           40%        2d6       2%          2

Your spell library contained the following spells:

 Spells                   Type           Power      Damage    Failure   Level
 Summon Small Mammal      Summ           44%        N/A       6%          1
 Cigotuvi's Dreadful Rot  Necr/Alch/Air  22%        N/A       9%          2
 Lesser Beckoning         Tloc           22%        N/A       9%          2
 Call Canine Familiar     Summ           11%        N/A       19%         3
 Gell's Gravitas          Tloc           11%        N/A       19%         3
 Sigil of Binding         Hex            11%        N/A       19%         3
 Teleport Other           Tloc           11%        N/A       19%         3
 Summon Blazeheart Golem  Fire/Summ      15%        N/A       30%         4
 Animate Dead             Necr           11%        N/A       52%         4
 Dimensional Bullseye     Hex/Tloc       5%         N/A       52%         4
 Dispel Undead            Necr           11%        3d9       52%         4
 Martyr's Knell           Necr/Summ      11%        N/A       52%         4
 Death Channel            Necr           5%         N/A       100%        6
 Haunt                    Necr/Summ      5%         N/A       100%        7
 Borgnjor's Revivificati  Necr           5%         N/A       100%        8
 Infestation              Necr           5%         N/A       100%        8
 Death's Door             Necr           5%         N/A       100%        9


Dungeon Overview and Level Annotations

Branches:
Dungeon (6/15)             Temple (1/1) D:4

Altars:
Cheibriados
Dithmenos
Elyvilon
Fedhas
Gozag
Kikubaaqudgha
Okawaru
Qazlal
Ru
Sif Muna
Trog
Uskayaw
Vehumet
Xom
Zin
The Shining One

Shops:
D:5 *

Annotations:
D:5 1 runed translucent door, bl3nd3r's ghost, novice MfGl
Temple 2 transporters


Innate Abilities, Weirdness & Mutations

You have very sharp teeth.
Your uncanny sense of smell can sniff out nearby items.
Your experience applies equally to all skills.


Message History

Your Shields skill increases to level 4!
Your Unarmed Combat skill increases to level 4!
Your Evocations skill increases to level 4!
You start resting.
HP restored.
Unknown command.
You climb downwards.
The two-headed ogre hits you with a +0 giant spiked club!!
The two-headed ogre hits you with a +0 giant club!
There is a stone staircase leading up, spattered with blood here.
Okay, then.
Unknown command.
Unknown command.
Unknown command.
Okay, then.
Okay, then.
Okay, then.
Unknown command.
Okay, then.
Aiming: Mindburst
Press: ? - help, Shift-Dir - straight line, f - two-headed ogre
Aim: a two-headed ogre, wielding a +0 giant spiked club and a +0 giant club (chance to affect: 64%)
Okay, then.
Unknown command.
Unknown command.
Okay, then.
Unknown command.
As you read the scroll labelled NENINA LOSO, it crumbles to dust.
A wave of despondency washes over your surroundings.
It was a scroll of vulnerability.
The two-headed ogre hits you with a +0 giant spiked club!
* * * LOW HITPOINT WARNING * * *
The two-headed ogre hits you with a +0 giant club!
* * * LOW HITPOINT WARNING * * *
Unknown command.
Unknown command.
As you read the scroll labelled USCHIA TOZXOS, it crumbles to dust.
A profound silence engulfs you.
It was a scroll of silence.
The two-headed ogre hits you with a +0 giant spiked club!
* * * LOW HITPOINT WARNING * * *
The two-headed ogre closely misses you.
Unknown command.
Unknown command.
You feel much better.
Unknown command.
Unknown command.
The two-headed ogre looks angry.
The two-headed ogre attacks as it pursues you!
The two-headed ogre hits you with a +0 giant spiked club!!
You die...

#.....#.# ....)..##
....>..## .......###
........ .#
######.....###.#
...........[...###
#.@......... ###.#
###O......# ..#.#
#.......# #.#.#
#<......# #.#.#
#...<...# #.#.#
#.......# #.#.#
##.....##
####.#.###########.....#
.....#.......O.<.......#


You could see a two-headed ogre (weak-willed).

Vanquished Creatures
  Menkaure (D:4)
  A water moccasin (D:6)
  2 ice beasts
  An ogre (D:4)
  A phantom (D:4)
  A bullfrog (D:6)
  4 scorpions
  5 wights (D:6)
  2 bombardier beetles
  5 hounds
  4 iguanas
  4 orc wizards
  4 gnolls
  3 adders
  A shadow imp (D:5)
  A white imp (D:3)
  An adder skeleton (D:2)
  A ribbon worm (D:2)
  13 orcs
  7 bats
  2 bat zombies (D:2)
  8 endoplasms
  5 giant cockroaches
  8 hobgoblins
  9 jackals
  4 kobolds
  2 quokkas
  5 ball pythons
  A ball python skeleton (D:2)
  A frilled lizard (D:1)
  8 goblins
  A goblin zombie (D:5)
  3 rats
  A rat zombie (D:5)
120 creatures vanquished.

Vanquished Creatures (others)
  36 foxfires
36 creatures vanquished.

Grand Total: 156 creatures vanquished

Notes
Turn   | Place    | Note
-------+----------+-------------------------------------------
     0 | D:1      | happy the Gnoll Cinder Acolyte began the quest for the Orb.
     0 | D:1      | Reached XP level 1. HP: 23/23 MP: 4/4
   340 | D:1      | Reached XP level 2. HP: 26/29 MP: 5/5
   747 | D:1      | Learned a level 2 spell: Scorch
  1121 | D:2      | Reached XP level 3. HP: 35/35 MP: 7/7
  1258 | D:2      | Reached skill level 1 in Invocations
  1643 | D:2      | Reached skill level 1 in Short Blades
  1643 | D:2      | Reached skill level 1 in Long Blades
  1643 | D:2      | Reached skill level 1 in Maces & Flails
  1643 | D:2      | Reached skill level 1 in Polearms
  1643 | D:2      | Reached skill level 1 in Staves
  1643 | D:2      | Reached skill level 1 in Ranged Weapons
  1643 | D:2      | Reached skill level 1 in Throwing
  1643 | D:2      | Reached skill level 1 in Armour
  1643 | D:2      | Reached skill level 1 in Dodging
  1643 | D:2      | Reached skill level 1 in Stealth
  1643 | D:2      | Reached skill level 1 in Shields
  1643 | D:2      | Reached skill level 1 in Unarmed Combat
  1643 | D:2      | Reached skill level 1 in Evocations
  1865 | D:3      | Reached skill level 1 in Conjurations
  1865 | D:3      | Reached skill level 1 in Hexes
  1865 | D:3      | Reached skill level 1 in Summonings
  1865 | D:3      | Reached skill level 1 in Necromancy
  1865 | D:3      | Reached skill level 1 in Translocations
  1865 | D:3      | Reached skill level 1 in Ice Magic
  1865 | D:3      | Reached skill level 1 in Air Magic
  1865 | D:3      | Reached skill level 1 in Earth Magic
  1865 | D:3      | Reached skill level 1 in Alchemy
  1865 | D:3      | Reached skill level 1 in Shapeshifting
  1865 | D:3      | Reached XP level 4. HP: 41/41 MP: 8/8
  1896 | D:3      | Reached XP level 5. HP: 47/47 MP: 9/9
  2240 | D:3      | Found a snail-covered altar of Cheibriados.
  2621 | D:4      | Noticed Menkaure
  2626 | D:4      | Killed Menkaure
  2627 | D:4      | Reached XP level 6. HP: 49/53 MP: 11/11
  2780 | D:4      | Reached XP level 7. HP: 60/60 MP: 12/12
  2800 | D:4      | Found a stormy altar of Qazlal.
  2890 | D:4      | Found a staircase to the Ecumenical Temple.
  3076 | Temple   | Found a transporter.
  3076 | Temple   | Found a transporter.
  3076 | Temple   | Found a transporter.
  3076 | Temple   | Found a transporter.
  3076 | Temple   | Entered the Ecumenical Temple
  3221 | D:5      | Entered Level 5 of the Dungeon
  3715 | D:5      | Found Wivy's General Store.
  3765 | D:5      | Reached XP level 8. HP: 23/67 MP: 14/14
  3824 | D:5      | Found a runed translucent door.
  3832 | D:5      | Noticed bl3nd3r's ghost (novice MfGl)
  3952 | D:5      | Found an iron altar of Okawaru.
  3973 | D:5      | HP: 3/67 [ice beast (13)]
  5137 | D:6      | Noticed a two-headed ogre
  5149 | D:6      | Reached XP level 9. HP: 65/73 MP: 16/16
  5277 | D:6      | HP: 3/73 [two-headed ogre/+0 giant spiked club (7)]
  5281 | D:6      | Slain by a two-headed ogre

Illustrated notes

Levels and vault maps discovered:
D:1:      amcnicky_arrival_feature_with_door, layout_loops_corners
D:2:      layout_loops_cross, serial_undead, serial_undead_f, serial_undead_d,
          serial_undead_d, serial_undead_d
D:3:      layout_rooms, lemuel_round_altar, nrook_mini_vaults,
          kennysheep_nondescript, minivault_5, chequers_decorated_corner
D:4:      layout_basic, nicolae_qazlal_general_emergency,
          minmay_temple_entry_statues_pillars, minmay_distorted, uniq_menkaure
D:5:      layout_gridville, kennysheep_okawaru_gauntlet, ebering_ghost_sewer_d,
          enter_ossuary_4, serial_shops, nicolae_take_the_stairs,
          mrwooster_statue_mirror
D:6:      layout_loops_ring, minmay_circle_x, uniq_eustachio
Temple:   hellmonk_temple_divided_pantheon

Skill      XL: |  1  2  3  4  5  6  7  8  9 |
---------------+----------------------------+-----
Invocations    | 1 2 3 4 |  4.4
Short Blades   | 1 2 3 4 |  4.0
Long Blades    | 1 2 3 4 |  4.0
Maces & Flails | 1 2 3 4 |  4.0
Polearms       | 1 2 3 4 |  4.0
Staves         | 1 2 3 4 |  4.0
Ranged Weapons | 1 2 3 4 |  4.0
Throwing       | 1 2 3 4 |  4.0
Armour         | 1 2 3 4 |  4.0
Dodging        | 1 2 3 4 |  4.0
Stealth        | 1 2 3 4 |  4.0
Shields        | 1 2 3 4 |  4.0
Unarmed Combat | 1 2 3 4 |  4.0
Evocations     | 1 2 3 4 |  4.0
Spellcasting   | 3 4 |  4.9
Conjurations   | 1 2 3 |  3.2
Hexes          | 1 2 3 |  3.2
Summonings     | 1 2 3 |  3.2
Necromancy     | 1 2 3 |  3.2
Translocations | 1 2 3 |  3.2
Ice Magic      | 1 2 3 |  3.2
Air Magic      | 1 2 3 |  3.2
Earth Magic    | 1 2 3 |  3.2
Alchemy        | 1 2 3 |  3.2
Shapeshifting  | 1 2 3 |  3.6
Fighting       | 7 |  7.7
Axes           | 7 |  7.7
Fire Magic     | 6 |  6.4

Action                     |  1- 3 |  4- 6 |  7- 9 || total
---------------------------+-------+-------+-------++-------
  Melee: Hand axe          |   130 |    35 |    93 ||   258
         Bite              |    10 |     5 |    20 ||    35
         Punch             |     1 |       |    11 ||    12
         Whip              |       |    33 |   124 ||   157
   Fire: Sling             |       |       |     9 ||     9
   Cast: Scorch            |       |     3 |    40 ||    43
 Invoke: Foxfire Swarm     |     1 |     1 |       ||     2
         Fiery Armour      |       |     3 |       ||     3
  Evoke: Wand              |       |       |     1 ||     1
    Use: Scroll            |       |       |    12 ||    12
         Potion            |       |       |     5 ||     5
   Stab: Sleeping          |     1 |       |     2 ||     3
 Armour: Robe              |    50 |       |       ||    50
         Leather armour    |    27 |    51 |   150 ||   228
         Skin              |       |       |    20 ||    20
  Dodge: Dodged            |    84 |    49 |   119 ||   252
